 Dungeon Crawl Stone Soup version 0.32-a0-699-g1ee5eff69a (webtiles) character file.

Game seed: 1148876340848861802

8 lunkers the Cudgeller (level 2, -3/24 HPs)
             Began as a Coglin Berserker on Mar 13, 2024.
             Was a Follower of Trog.
             Slain by a kobold
             ... wielding a +0 whip
              (5 damage)
             ... on level 1 of the Dungeon.
             The game lasted 00:00:22 (120 turns).

lunkers the Cudgeller (Coglin Berserker)             Turns: 120, Time: 00:00:23

Health: -3/24      AC:  2    Str: 17    XL:     2   Next: 8%
Magic:  2/2        EV: 11    Int:  6    God:    Trog [*.....]
Gold:   17         SH:  0    Dex: 13    Spells: 1/1 levels left

rFire   . . .        a - +0 mace {Arun}
rCold   . . .        c - +0 dagger {Jaspreet}
rNeg    . . .        b - +0 animal skin
rPois   .            (no helmet)
rElec   .            (no cloak)
rCorr   .            (no gloves)
SInv    .            (no boots)
Will    .....        (amulet unavailable)
Stlth   +            (ring unavailable)
HPRegen 0.24/turn    (ring unavailable)
MPRegen 0.08/turn    (no gizmo)

%: no passive effects
@: revved
A: off-hand wielding, slow wielding, warmup strikes, no jewellery
a: Invent Gizmo, Renounce Religion, Berserk


You were on level 1 of the Dungeon.
You worshipped Trog.
Trog was aware of your devotion.
You visited 1 branch of the dungeon, and saw 1 of its levels.

You collected 17 gold pieces.

Inventory:

Hand Weapons
 a - a +0 mace (weapon) {Arun}
 c - a +0 dagger (offhand) {Jaspreet}
Armour
 b - a +0 animal skin (worn)


   Skills:
 - Level 3.0 Fighting
 * Level 3.2 Maces & Flails
 - Level 1.7 Armour
 - Level 1.7 Dodging


You had one spell level left.
You didn't know any spells.
Your spell library was empty.

Dungeon Overview and Level Annotations

Branches:
Dungeon (1/15)

Altars:


Innate Abilities, Weirdness & Mutations

You can wield a second weapon in your off-hand.
It takes a long time for you to wield or remove held weapons.
Your first few attacks do less damage.
You cannot equip rings or amulets.


Message History

The goblin is severely wounded.
You barely miss the goblin with your +0 mace.
The goblin misses you. The ball python misses you.
The ball python closely misses you.
You barely miss the goblin with your +0 mace.
The goblin is severely wounded.
You hit the goblin with your +0 dagger.
You kill the goblin!
Trog accepts your kill. The ball python bites you. The ball python grabs you.
The ball python constricts you.
* * * LOW HITPOINT WARNING * * *
You have reached level 2!
You closely miss the kobold with your +0 mace.
You barely miss the kobold with your +0 dagger.
A quokka comes into view.
The kobold hits you with a +0 whip.
* * * LOW HITPOINT WARNING * * *
The ball python bites you.
* * * LOW HITPOINT WARNING * * *
The ball python constricts you.
* * * LOW HITPOINT WARNING * * *
The quokka moves out of view.
You escape the ball python's grasp.
The kobold throws a stone.
The stone closely misses you.
You swing at nothing.
The ball python barely misses you. The ball python grabs you.
The ball python constricts you.
* * * LOW HITPOINT WARNING * * *
You barely miss the ball python with your +0 mace.
You hit the ball python with your +0 dagger.
The ball python bites you.
* * * LOW HITPOINT WARNING * * *
The ball python constricts you.
* * * LOW HITPOINT WARNING * * *
You hit the ball python with your +0 mace.
You kill the ball python!
Trog accepts your kill.
The kobold throws a stone.
The stone misses you. The kobold hits you with a +0 whip.
You die...

....♣ ###.#
################...#
#...........###
#........####
#........#
#........#
#........##
#.......†.#########
#..........@K....=.
#........###)#.....
#........# .# ...
#......... .# .
#########.. .. .. ##
..


You could see a kobold.

Vanquished Creatures
  2 ball pythons (D:1)
  An endoplasm (D:1)
  A giant cockroach (D:1)
  2 goblins (D:1)
  A rat (D:1)
7 creatures vanquished.

Notes
Turn   | Place    | Note
-------+----------+-------------------------------------------
     0 | D:1      | lunkers the Coglin Berserker began the quest for the Orb.
     0 | D:1      | Reached XP level 1. HP: 18/18 MP: 1/1
   115 | D:1      | Reached XP level 2. HP: 14/24 MP: 2/2
   120 | D:1      | Slain by a kobold

Illustrated notes

Levels and vault maps discovered:
D:1:      sevenhm_arrival_forest_fort_large_2, layout_rooms,
          minmay_indecisive_spiral

Skill      XL: |  1 |
---------------+----+-----
Maces & Flails | 3 |  3.2
Fighting       | |  3.0
Armour         | |  1.7
Dodging        | |  1.7

Action                     || total
---------------------------++-------
  Melee: Mace              ||    16
         Dagger            ||    13
 Armour: Animal skin       ||    16
  Dodge: Dodged            ||    10

Table legend: (Time is in decaauts)
 A = Elapsed time spent in this place.
 B = Non-inter-level travel time spent in this place.
 C = Inter-level travel time spent in this place.
 D = Time resting spent in this place.
 E = Time spent auto-exploring this place.
 F = Levels seen in this place.
 G = Mean time per level.
                   A        B        C        D        E       F      G
               +--------+--------+--------+--------+--------+-----+--------+
         Total |    122 |    122 |      0 |      0 |     86 |   1 |  122.0 |
       Dungeon |    122 |    122 |      0 |      0 |     86 |   1 |  122.0 |
               +--------+--------+--------+--------+--------+-----+--------+

Top non-repeatable levels by time:
     D:1: 122 daAuts
